| TOP OF THE 1ST |
|
Wisconsin Timber Rattlers batting - Pitching for Dayton Dragons : LHP Gonnohyoe Hata
|
|
Pitching: LHP Gonnohyoe Hata
|
|
|
Batting: RHB Chris Maul
|
0-0: Foul Ball, location: 2F 0-1: Foul Ball, location: 2F 0-2: Foul Ball, location: 2F 0-2: Ball 1-2: Foul Ball, location: 2F 1-2: Fly out, F9 (Flyball, 89S, EV 76.9 MPH)
|
|
Batting: RHB Ryan Miller
|
0-0: Called Strike 0-1: Called Strike 0-2: SINGLE (Groundball, 4S, EV 63.1 MPH) (infield hit)
|
|
Batting: RHB Jeremy Harden
|
0-0: Ball 1-0: Swinging Strike 1-1: Fly out, F9 (Line Drive, 9LS, EV 105.6 MPH)
|
|
Batting: RHB Tristan Smeets
|
0-0: Ball 1-0: Swinging Strike 1-1: Called Strike 1-2: Strikes out swinging
|
| Top of the 1st over - 0 runs, 1 hit, 0 errors, 1 left on base; Wisconsin 0 - Dayton 0 |
| BOTTOM OF THE 1ST |
|
Dayton Dragons batting - Pitching for Wisconsin Timber Rattlers : LHP Juan Gonzalez
|
|
Pitching: LHP Juan Gonzalez
|
|
|
Batting: RHB Toki Takeuchi
|
0-0: Called Strike 0-1: Ground out 1-3 (Groundball, P, EV 68.8 MPH)
|
|
Batting: LHB Jeremy Robertson
|
0-0: Swinging Strike 0-1: Swinging Strike 0-2: Strikes out swinging
|
|
Batting: RHB Logan Johnson
|
0-0: Called Strike 0-1: Ball 1-1: Called Strike 1-2: Ball 2-2: SINGLE (Groundball, 6D, EV 103.8 MPH)
|
|
Batting: RHB Alex Juarez
|
0-0: Called Strike 0-1: Swinging Strike 0-2: Foul Ball, location: 2F 0-2: Ball 1-2: Strikes out swinging
|
| Bottom of the 1st over - 0 runs, 1 hit, 0 errors, 1 left on base; Wisconsin 0 - Dayton 0 |
| TOP OF THE 2ND |
|
Wisconsin Timber Rattlers batting - Pitching for Dayton Dragons : LHP Gonnohyoe Hata
|
|
Batting: LHB Mark Backstrom
|
0-0: Ball 1-0: Foul Ball, location: 2F 1-1: Ground out 6-3 (Groundball, 4MS, EV 71.2 MPH)
|
|
Batting: RHB Alfredo Sena
|
0-0: Ball 1-0: Swinging Strike 1-1: Ball 2-1: Ground out 5-3 (Groundball, 56S, EV 90.6 MPH)
|
|
Batting: RHB Wiliama Dana
|
0-0: Ball 1-0: Ball 2-0: Foul Ball, location: 2F 2-1: Fly out, F8 (Flyball, 8RM, EV 95.6 MPH)
|
| Top of the 2nd over - 0 runs, 0 hits, 0 errors, 0 left on base; Wisconsin 0 - Dayton 0 |
| BOTTOM OF THE 2ND |
|
Dayton Dragons batting - Pitching for Wisconsin Timber Rattlers : LHP Juan Gonzalez
|
|
Batting: LHB Chris Redhead
|
0-0: Foul Ball, location: 2F 0-1: Ball 1-1: Called Strike 1-2: Ground out 5-3 (Groundball, 56S, EV 71.2 MPH)
|
|
Batting: SHB Jaivata Mohanty
|
0-0: Called Strike 0-1: Ball 1-1: Foul Ball, location: 2F 1-2: Ball 2-2: Strikes out swinging
|
|
Batting: RHB Alex Villagomez
|
0-0: Foul Ball, location: 2F 0-1: Foul Ball, location: 2F 0-2: Strikes out swinging
|
| Bottom of the 2nd over - 0 runs, 0 hits, 0 errors, 0 left on base; Wisconsin 0 - Dayton 0 |
| TOP OF THE 3RD |
|
Wisconsin Timber Rattlers batting - Pitching for Dayton Dragons : LHP Gonnohyoe Hata
|
|
Batting: RHB Michael Dickerson
|
0-0: Ball 1-0: Called Strike 1-1: Swinging Strike 1-2: Ball 2-2: Strikes out swinging
|
|
Batting: SHB Robert Sayer
|
0-0: Foul Ball, location: 2F 0-1: Ball 1-1: Swinging Strike 1-2: Ball 2-2: Foul Ball, location: 2F 2-2: Foul Ball, location: 2F 2-2: Strikes out looking
|
|
Batting: RHB Chris Maul
|
0-0: Ball 1-0: SINGLE (Flyball, 78S, EV 85.0 MPH)
|
|
Batting: RHB Ryan Miller
|
0-0: Ball Chris Maul is caught stealing 2nd base 2-4
|
| Top of the 3rd over - 0 runs, 1 hit, 0 errors, 0 left on base; Wisconsin 0 - Dayton 0 |
| BOTTOM OF THE 3RD |
|
Dayton Dragons batting - Pitching for Wisconsin Timber Rattlers : LHP Juan Gonzalez
|
|
Batting: RHB John Hopkins
|
0-0: SINGLE (Groundball, 34D, EV 96.9 MPH)
|
|
Batting: LHB Kelvin Jones
|
0-0: Foul Ball, location: 2F 0-1: Ball 1-1: Called Strike 1-2: Fielders Choice at 2nd, 3-6 (Groundball, 3, EV 85.6 MPH)
|
|
Batting: RHB Toki Takeuchi
|
0-0: Called Strike 0-1: Ball 1-1: Fielders Choice at 2nd, 3-6 (Groundball, 3, EV 84.4 MPH)
|
|
Batting: LHB Jeremy Robertson
|
0-0: Ball Pickoff Throw to First - Out! 1-3
|
| Bottom of the 3rd over - 0 runs, 1 hit, 0 errors, 0 left on base; Wisconsin 0 - Dayton 0 |
| TOP OF THE 4TH |
|
Wisconsin Timber Rattlers batting - Pitching for Dayton Dragons : LHP Gonnohyoe Hata
|
|
Batting: RHB Ryan Miller
|
0-0: Called Strike 0-1: Foul Ball, location: 2F 0-2: Ball 1-2: Ball 2-2: SINGLE (Groundball, 56D, EV 110.0 MPH)
|
|
Batting: RHB Jeremy Harden
|
0-0: Ball 1-0: Called Strike 1-1: Foul Ball, location: 2F 1-2: Strikes out swinging
|
|
Batting: RHB Tristan Smeets
|
0-0: Foul Ball, location: 2F 0-1: Ball 1-1: SINGLE (Line Drive, 3D, EV 97.5 MPH) Ryan Miller to second
|
|
Batting: LHB Mark Backstrom
|
0-0: Foul Ball, location: 2F 0-1: Ball 1-1: Foul Ball, location: 2F 1-2: Ball 2-2: Strikes out looking
|
|
Batting: RHB Alfredo Sena
|
0-0: Ball Wild Pitch! Ryan Miller to third Tristan Smeets to second 1-0: SINGLE (Groundball, 6D, EV 96.9 MPH) Ryan Miller scores Tristan Smeets to third Runner from 3rd tries for Home, SAFE, throw by CF to home Alfredo Sena to second
|
|
Batting: RHB Wiliama Dana
|
0-0: Ball 1-0: Called Strike 1-1: Ball 2-1: Ball 3-1: Called Strike 3-2: Foul Ball, location: 2F 3-2: Base on Balls
|
|
Batting: RHB Michael Dickerson
|
0-0: Swinging Strike 0-1: Ball 1-1: Fly out, F7 (Line Drive, 78M, EV 92.5 MPH)
|
| Top of the 4th over - 2 runs, 3 hits, 0 errors, 2 left on base; Wisconsin 2 - Dayton 0 |
| BOTTOM OF THE 4TH |
|
Dayton Dragons batting - Pitching for Wisconsin Timber Rattlers : LHP Juan Gonzalez
|
|
Batting: LHB Jeremy Robertson
|
0-0: Ball 1-0: Foul Ball, location: 2F 1-1: Swinging Strike 1-2: Strikes out swinging
|
|
Batting: RHB Logan Johnson
|
0-0: Swinging Strike 0-1: Ball 1-1: Ball 2-1: Ball 3-1: Base on Balls
|
|
Batting: RHB Alex Juarez
|
0-0: Called Strike 0-1: Swinging Strike 0-2: Foul Ball, location: 2F 0-2: Ball 1-2: Ball 2-2: Ball 3-2: Foul Ball, location: 2F 3-2: Base on Balls Logan Johnson to second
|
|
Batting: LHB Chris Redhead
|
0-0: Ball 1-0: Foul Ball, location: 2F 1-1: Ball 2-1: Ball 3-1: Grounds into double play, 3-6-1 (Groundball, 3, EV 83.1 MPH)
|
| Bottom of the 4th over - 0 runs, 0 hits, 0 errors, 1 left on base; Wisconsin 2 - Dayton 0 |
| TOP OF THE 5TH |
|
Wisconsin Timber Rattlers batting - Pitching for Dayton Dragons : LHP Gonnohyoe Hata
|
|
Batting: SHB Robert Sayer
|
0-0: Ball 1-0: Called Strike 1-1: Ball 2-1: Ball 3-1: Foul Ball, location: 2F 3-2: Ground out 5-3 (Groundball, 56S, EV 80.0 MPH)
|
|
Batting: RHB Chris Maul
|
0-0: Ball 1-0: Foul Ball, location: 2F 1-1: Called Strike 1-2: Reached on error, E5 (Groundball, 5, EV 106.2 MPH)
|
|
Batting: RHB Ryan Miller
|
0-0: Called Strike Chris Maul is caught stealing 3rd base 2-5 0-1: Ball 1-1: Called Strike 1-2: Ball 2-2: Strikes out swinging
|
| Top of the 5th over - 0 runs, 0 hits, 1 error, 0 left on base; Wisconsin 2 - Dayton 0 |
| BOTTOM OF THE 5TH |
|
Dayton Dragons batting - Pitching for Wisconsin Timber Rattlers : LHP Juan Gonzalez
|
|
Batting: SHB Jaivata Mohanty
|
0-0: Swinging Strike 0-1: Ball 1-1: Called Strike 1-2: Strikes out swinging
|
|
Batting: RHB Alex Villagomez
|
0-0: Ball 1-0: Ball 2-0: Ground out 5-3 (Groundball, 56S, EV 87.5 MPH)
|
|
Batting: RHB John Hopkins
|
0-0: Swinging Strike 0-1: Swinging Strike 0-2: Ball 1-2: Strikes out swinging
|
| Bottom of the 5th over - 0 runs, 0 hits, 0 errors, 0 left on base; Wisconsin 2 - Dayton 0 |
| TOP OF THE 6TH |
|
Wisconsin Timber Rattlers batting - Pitching for Dayton Dragons : LHP Gonnohyoe Hata
|
|
Batting: RHB Jeremy Harden
|
0-0: Ball 1-0: Ball 2-0: Ball 3-0: Called Strike 3-1: Foul Ball, location: 2F 3-2: Base on Balls
|
|
Batting: RHB Tristan Smeets
|
0-0: Called Strike 0-1: Ball 1-1: Foul Ball, location: 2F 1-2: Strikes out looking
|
|
Batting: LHB Mark Backstrom
|
0-0: Foul Ball, location: 2F 0-1: Foul Ball, location: 2F 0-2: Strikes out swinging
|
|
Batting: RHB Alfredo Sena
|
0-0: Ball Wild Pitch! Jeremy Harden to second 1-0: Foul Ball, location: 2F 1-1: Foul Ball, location: 2F 1-2: Strikes out swinging
|
| Top of the 6th over - 0 runs, 0 hits, 0 errors, 1 left on base; Wisconsin 2 - Dayton 0 |
| BOTTOM OF THE 6TH |
|
Dayton Dragons batting - Pitching for Wisconsin Timber Rattlers : LHP Juan Gonzalez
|
|
Batting: LHB Kelvin Jones
|
0-0: Called Strike 0-1: Ball 1-1: Ball 2-1: Ground out U3 (Groundball, 3L, EV 101.9 MPH)
|
|
Batting: RHB Toki Takeuchi
|
0-0: Called Strike 0-1: Foul Ball, location: 2F 0-2: Ball 1-2: Ball 2-2: Foul Ball, location: 2F 2-2: Ball 3-2: SOLO HOME RUN (Flyball, 7D, EV 91.9 MPH), Distance : 356 ft
|
|
Batting: LHB Jeremy Robertson
|
0-0: Ball 1-0: Called Strike 1-1: Foul Ball, location: 2F 1-2: Foul Ball, location: 2F 1-2: Ball 2-2: Ball 3-2: Foul Ball, location: 2F 3-2: SINGLE (Groundball, 6M, EV 101.2 MPH)
|
|
Batting: RHB Logan Johnson
|
0-0: Ball 1-0: Ball 2-0: Ball 3-0: Base on Balls Jeremy Robertson to second
|
|
Batting: RHB Alex Juarez
|
0-0: Called Strike 0-1: Called Strike 0-2: Ball 1-2: Ball 2-2: Fielders Choice at 2nd, 4-6 (Groundball, 4, EV 85.6 MPH) Jeremy Robertson to third
|
|
Pitching: RHP Dan Patino
|
|
|
Batting: LHB Chris Redhead
|
0-0: Called Strike 0-1: Ball 1-1: Swinging Strike 1-2: Foul Ball, location: 2F 1-2: Ball 2-2: Strikes out swinging
|
| Bottom of the 6th over - 1 run, 2 hits, 0 errors, 2 left on base; Wisconsin 2 - Dayton 1 |
| TOP OF THE 7TH |
|
Wisconsin Timber Rattlers batting - Pitching for Dayton Dragons : LHP Gonnohyoe Hata
|
|
Batting: RHB Wiliama Dana
|
0-0: Ball 1-0: Ground out 4-3 (Groundball, 4, EV 81.2 MPH)
|
|
Batting: RHB Michael Dickerson
|
0-0: Called Strike 0-1: Ball 1-1: Swinging Strike 1-2: SINGLE (Flyball, 89S, EV 86.9 MPH)
|
|
Pitching: RHP Kevin Larner
|
|
|
Batting: SHB Robert Sayer
|
Balk! Michael Dickerson to second 0-0: Ball 1-0: Ball 2-0: Ball 3-0: Foul Ball, location: 2F 3-1: SINGLE (Groundball, 4MS, EV 71.9 MPH) (infield hit) Michael Dickerson to third
|
|
Batting: RHB Chris Maul
|
0-0: Ball 1-0: Called Strike Robert Sayer is caught stealing 2nd base 2-4 1-1: Fly out, F9 (Flyball, 9, EV 87.5 MPH)
|
| Top of the 7th over - 0 runs, 2 hits, 0 errors, 1 left on base; Wisconsin 2 - Dayton 1 |
| BOTTOM OF THE 7TH |
|
Dayton Dragons batting - Pitching for Wisconsin Timber Rattlers : RHP Dan Patino
|
|
Batting: SHB Jaivata Mohanty
|
0-0: Called Strike 0-1: Ball 1-1: Swinging Strike 1-2: Strikes out swinging
|
|
Batting: RHB Alex Villagomez
|
0-0: Called Strike 0-1: Swinging Strike 0-2: Strikes out swinging
|
|
Batting: RHB John Hopkins
|
0-0: Ball 1-0: DOUBLE (Flyball, 8RD, EV 97.5 MPH)
|
|
Batting: LHB Kelvin Jones
|
0-0: Swinging Strike 0-1: Ball 1-1: Swinging Strike 1-2: Foul Ball, location: 2F 1-2: Foul Ball, location: 2F 1-2: Ball 2-2: Foul Ball, location: 2F 2-2: Ball 3-2: Strikes out looking
|
| Bottom of the 7th over - 0 runs, 1 hit, 0 errors, 1 left on base; Wisconsin 2 - Dayton 1 |
| TOP OF THE 8TH |
|
Wisconsin Timber Rattlers batting - Pitching for Dayton Dragons : RHP Kevin Larner
|
|
Batting: RHB Ryan Miller
|
0-0: Ball 1-0: Ball 2-0: Ball 3-0: Base on Balls
|
|
Batting: RHB Jeremy Harden
|
0-0: Called Strike 0-1: Foul Ball, location: 2F 0-2: Ball 1-2: Strikes out swinging
|
|
Batting: RHB Tristan Smeets
|
0-0: Swinging Strike 0-1: Foul Ball, location: 2F 0-2: Ball 1-2: Strikes out swinging
|
|
Batting: LHB Mark Backstrom
|
0-0: Swinging Strike 0-1: Swinging Strike 0-2: Ball 1-2: Ball 2-2: Ball 3-2: Foul Ball, location: 2F 3-2: SINGLE (Line Drive, 89S, EV 100.6 MPH) Ryan Miller to second Ryan Miller to third
|
|
Batting: RHB Alfredo Sena
|
0-0: Called Strike 0-1: Called Strike 0-2: Ball 1-2: Foul Ball, location: 2F 1-2: Foul Ball, location: 2F 1-2: Foul Ball, location: 2F 1-2: 3-RUN HOME RUN (Flyball, 9LD, EV 97.5 MPH), Distance : 349 ft
|
|
Pitching: LHP Brian Whittall
|
|
|
Batting: RHB Wiliama Dana
|
0-0: Ball 1-0: Swinging Strike 1-1: Foul Ball, location: 2F 1-2: Ground out 5-3 (Groundball, 5, EV 94.4 MPH)
|
| Top of the 8th over - 3 runs, 2 hits, 0 errors, 0 left on base; Wisconsin 5 - Dayton 1 |
| BOTTOM OF THE 8TH |
|
Dayton Dragons batting - Pitching for Wisconsin Timber Rattlers : RHP Dan Patino
|
|
Batting: RHB Toki Takeuchi
|
0-0: Called Strike 0-1: Foul Ball, location: 2F 0-2: Ball 1-2: Ball 2-2: Strikes out looking
|
|
Batting: LHB Jeremy Robertson
|
0-0: Called Strike 0-1: Ball 1-1: Ball 2-1: Foul Ball, location: 2F 2-2: Foul Ball, location: 2F 2-2: Ball 3-2: Strikes out swinging
|
|
Batting: RHB Logan Johnson
|
0-0: Foul Ball, location: 2F 0-1: Ball 1-1: Ball 2-1: Swinging Strike 2-2: Foul Ball, location: 2F 2-2: Ball 3-2: Foul Ball, location: 2F 3-2: Ground out 6-3 (Groundball, 6, EV 104.4 MPH)
|
| Bottom of the 8th over - 0 runs, 0 hits, 0 errors, 0 left on base; Wisconsin 5 - Dayton 1 |
| TOP OF THE 9TH |
|
Wisconsin Timber Rattlers batting - Pitching for Dayton Dragons : LHP Brian Whittall
|
|
Batting: RHB Michael Dickerson
|
0-0: Ball 1-0: Foul Ball, location: 2F 1-1: Foul Ball, location: 2F 1-2: Foul Ball, location: 2F 1-2: Foul Ball, location: 2F 1-2: Foul Ball, location: 2F 1-2: Ball 2-2: Strikes out looking
|
|
Batting: SHB Robert Sayer
|
0-0: Fly out, F9 (Flyball, 9, EV 86.2 MPH)
|
|
Batting: RHB Chris Maul
|
0-0: Ball 1-0: Fly out, F8 (Flyball, 8RD, EV 106.2 MPH)
|
| Top of the 9th over - 0 runs, 0 hits, 0 errors, 0 left on base; Wisconsin 5 - Dayton 1 |
| BOTTOM OF THE 9TH |
|
Dayton Dragons batting - Pitching for Wisconsin Timber Rattlers : RHP Dan Patino
|
|
Pitching: RHP Alejandro Souto
|
|
|
Batting: RHB Alex Juarez
|
0-0: Ball 1-0: Called Strike 1-1: Fly out, F7 (Flyball, 7D, EV 101.9 MPH)
|
|
Batting: LHB Chris Redhead
|
0-0: Fly out, F9 (Flyball, 9D, EV 93.1 MPH)
|
|
Batting: SHB Jaivata Mohanty
|
0-0: Foul Ball, location: 2F 0-1: Foul Ball, location: 2F 0-2: Ball 1-2: SOLO HOME RUN (Flyball, 7LD, EV 97.5 MPH), Distance : 352 ft
|
|
Batting: RHB Alex Villagomez
|
0-0: Ball 1-0: Called Strike 1-1: Foul Ball, location: 2F 1-2: Foul Ball, location: 2F 1-2: Strikes out looking
|
| Bottom of the 9th over - 1 run, 1 hit, 0 errors, 0 left on base; Wisconsin 5 - Dayton 2 |
|